[ AOE2 MATCH · #458998594 ]
1v1 RMBritons vs Burmese
Player's team · WIN
Rival team · LOSS
[ REPLAY ANALYSIS · EXTRACTED FROM THE RECORDED GAME ]
Feudal
10:24
Castle
23:45
Imperial
35:04
| APM avg | 43.8 |
| APM peak | 77 |
| eAPM avg | 23.4 |
| Villagers / military | 65 / 114 |
Focus
⚔️ 30.7% · 🌾 69.3%
Militia ×53 · Longbowman ×24 · Archer ×23 · Spearman ×8 · Monk ×2 · Petard ×2
Feudal
12:53
Castle
20:19
Imperial
—
| APM avg | 38.7 |
| APM peak | 79 |
| eAPM avg | 18.4 |
| Villagers / military | 93 / 145 |
Focus
⚔️ 30.8% · 🌾 69.2%
Skirmisher ×85 · Knight ×42 · Battering Ram ×16 · Spearman ×2
Match map
Initial resources + every placement click. Lines = walls · curves = elevation contours. ◆ gold · ⬟ stone · ● berries · ✦ relic · ◌ wall gap
Inputs per minute
— benji - - jobeni1016
Build order — benji
First 150 of 274 actions detected
| 0:00 | Create | Villager (Male) |
| 0:07 | Create | Villager (Male) |
| 0:09 | Build | House |
| 0:11 | Build | House |
| 0:18 | Create | Villager (Male) |
| 0:30 | Create | Villager (Male) |
| 1:20 | Create | Villager (Male) |
| 1:55 | Build | Lumber Camp |
| 2:08 | Create | Villager (Male) |
| 2:19 | Create | Villager (Male) |
| 2:55 | Create | Villager (Male) |
| 3:05 | Create | Villager (Male) |
| 3:30 | Build | Mill |
| 3:32 | Create | Villager (Male) |
| 3:45 | Create | Villager (Male) |
| 3:58 | Research | Loom |
| 4:04 | Build | House |
| 4:39 | Create | Villager (Male) |
| 5:07 | Create | Villager (Male) |
| 5:12 | Create | Villager (Male) |
| 5:34 | Create | Villager (Male) |
| 5:59 | Create | Villager (Male) |
| 6:27 | Create | Villager (Male) |
| 6:35 | Build | House |
| 6:36 | Build | House |
| 6:37 | Build | House |
| 6:50 | Research | Loom |
| 6:50 | Create | Villager (Male) |
| 7:49 | Create | Villager (Male) |
| 7:57 | Build | Lumber Camp |
| 8:03 | Research | Feudal Age |
| 8:08 | Build | Barracks |
| 8:22 | Create | Villager (Male) |
| 9:47 | Create | Villager (Male) |
| 10:24 | Age | Feudal Age |
| 10:25 | Research | Double-Bit Axe |
| 10:29 | Build | Archery Range |
| 10:33 | Build | Palisade Wall |
| 10:41 | Create | Spearman |
| 10:42 | Create | Spearman |
| 10:53 | Build | Mill |
| 10:56 | Create | Villager (Male) |
| 11:16 | Build | Farm |
| 11:17 | Research | Horse Collar |
| 11:23 | Create | Archer |
| 11:44 | Create | Villager (Male) |
| 11:46 | Build | Farm |
| 11:51 | Create | Villager (Male) |
| 11:55 | Build | Mining Camp |
| 12:12 | Create | Villager (Male) |
| 12:15 | Create | Villager (Male) |
| 12:40 | Create | Spearman |
| 12:44 | Create | Spearman |
| 12:57 | Create | Villager (Male) |
| 13:17 | Create | Archer |
| 13:20 | Create | Villager (Male) |
| 13:28 | Build | House |
| 13:30 | Build | House |
| 13:34 | Build | House |
| 13:42 | Research | Town Watch |
| 13:54 | Create | Archer |
| 13:59 | Create | Villager (Male) |
| 14:00 | Create | Villager (Male) |
| 14:15 | Build | Blacksmith |
| 14:31 | Build | Mining Camp |
| 14:32 | Create | Villager (Male) |
| 14:55 | Create | Archer |
| 15:11 | Build | Farm |
| 15:12 | Build | Farm |
| 15:12 | Build | Farm |
| 15:12 | Build | Farm |
| 15:13 | Build | Farm |
| 15:20 | Create | Villager (Male) |
| 15:28 | Create | Archer |
| 15:33 | Create | Militia |
| 15:35 | Create | Militia |
| 15:41 | Create | Villager (Male) |
| 16:02 | Create | Villager (Male) |
| 16:10 | Create | Militia |
| 16:10 | Research | Man-at-Arms (upgrade) |
| 16:17 | Build | Farm |
| 16:18 | Build | Farm |
| 16:18 | Build | Farm |
| 16:19 | Build | Farm |
| 16:24 | Create | Villager (Male) |
| 16:43 | Research | Fletching |
| 17:08 | Build | Palisade Wall |
| 17:10 | Build | Farm |
| 17:12 | Build | Farm |
| 17:13 | Create | Villager (Male) |
| 17:25 | Create | Militia |
| 17:25 | Create | Militia |
| 17:32 | Create | Villager (Male) |
| 17:43 | Build | Outpost |
| 17:48 | Build | Farm |
| 17:52 | Build | House |
| 17:53 | Build | House |
| 17:54 | Build | House |
| 18:31 | Build | Farm |
| 18:45 | Create | Militia |
| 18:46 | Create | Archer |
| 18:55 | Research | Forging |
| 18:58 | Create | Villager (Male) |
| 18:59 | Create | Villager (Male) |
| 19:13 | Build | Farm |
| 19:13 | Build | Farm |
| 19:14 | Build | Farm |
| 19:22 | Create | Militia |
| 19:22 | Create | Militia |
| 19:40 | Research | Scale Mail Armor |
| 19:40 | Research | Padded Archer Armor |
| 19:53 | Research | Arson |
| 19:54 | Create | Militia |
| 19:54 | Create | Militia |
| 19:56 | Create | Archer |
| 19:56 | Create | Archer |
| 20:52 | Build | Farm |
| 21:05 | Research | Castle Age |
| 21:18 | Research | Gold Mining |
| 21:20 | Create | Villager (Male) |
| 21:21 | Create | Villager (Male) |
| 21:51 | Create | Archer |
| 21:51 | Create | Archer |
| 21:52 | Create | Archer |
| 21:58 | Build | Archery Range |
| 22:31 | Research | Padded Archer Armor |
| 22:54 | Create | Archer |
| 22:54 | Create | Archer |
| 22:55 | Create | Archer |
| 22:56 | Create | Militia |
| 22:56 | Create | Militia |
| 23:28 | Create | Archer |
| 23:28 | Create | Archer |
| 23:44 | Create | Militia |
| 23:44 | Create | Militia |
| 23:45 | Create | Archer |
| 23:45 | Age | Castle Age |
| 23:49 | Research | Crossbowman (upgrade) |
| 23:55 | Build | House |
| 23:55 | Build | House |
| 23:56 | Build | House |
| 23:56 | Build | House |
| 23:56 | Build | House |
| 24:06 | Research | Bodkin Arrow |
| 24:11 | Research | Bow Saw |
| 24:13 | Research | Heavy Plow |
| 24:33 | Research | Long Swordsman (upgrade) |
| 24:35 | Research | Squires |
| 24:55 | Create | Archer |
| 24:55 | Create | Archer |
Build order — jobeni1016
First 150 of 308 actions detected
| 0:01 | Create | Villager (Male) |
| 0:01 | Create | Villager (Male) |
| 0:02 | Build | House |
| 0:04 | Build | House |
| 0:04 | Create | Villager (Male) |
| 0:05 | Create | Villager (Male) |
| 1:24 | Create | Villager (Male) |
| 1:25 | Create | Villager (Male) |
| 2:12 | Create | Villager (Male) |
| 2:12 | Create | Villager (Male) |
| 2:58 | Create | Villager (Male) |
| 3:10 | Create | Villager (Male) |
| 3:10 | Create | Villager (Male) |
| 3:20 | Build | House |
| 3:21 | Build | House |
| 3:44 | Create | Villager (Male) |
| 3:45 | Create | Villager (Male) |
| 3:48 | Build | House |
| 3:59 | Create | Villager (Male) |
| 3:59 | Create | Villager (Male) |
| 4:34 | Build | Mill |
| 4:36 | Create | Villager (Male) |
| 4:37 | Create | Villager (Male) |
| 4:37 | Create | Villager (Male) |
| 4:37 | Create | Villager (Male) |
| 4:46 | Build | House |
| 6:08 | Create | Villager (Male) |
| 6:08 | Create | Villager (Male) |
| 6:08 | Create | Villager (Male) |
| 6:23 | Build | Lumber Camp |
| 7:00 | Build | House |
| 7:07 | Create | Villager (Male) |
| 7:08 | Create | Villager (Male) |
| 7:28 | Create | Villager (Male) |
| 7:28 | Create | Villager (Male) |
| 7:58 | Build | Barracks |
| 8:04 | Build | House |
| 8:09 | Build | House |
| 8:15 | Create | Villager (Male) |
| 8:15 | Create | Villager (Male) |
| 8:15 | Create | Villager (Male) |
| 8:41 | Build | Mill |
| 9:05 | Research | Loom |
| 9:40 | Build | Farm |
| 9:41 | Build | Farm |
| 9:48 | Build | Farm |
| 9:49 | Create | Villager (Male) |
| 9:49 | Create | Villager (Male) |
| 10:21 | Research | Feudal Age |
| 10:46 | Build | Farm |
| 10:50 | Build | Farm |
| 10:59 | Build | Farm |
| 11:45 | Build | Lumber Camp |
| 12:53 | Age | Feudal Age |
| 12:54 | Create | Spearman |
| 12:54 | Create | Spearman |
| 13:04 | Create | Villager (Male) |
| 13:04 | Create | Villager (Male) |
| 13:04 | Create | Villager (Male) |
| 13:26 | Build | House |
| 13:33 | Build | Palisade Wall |
| 13:37 | Create | Villager (Male) |
| 13:37 | Create | Villager (Male) |
| 13:50 | Build | Blacksmith |
| 13:57 | Build | Blacksmith |
| 14:02 | Create | Villager (Male) |
| 14:02 | Create | Villager (Male) |
| 14:03 | Create | Villager (Male) |
| 14:17 | Build | Mining Camp |
| 14:38 | Build | Market |
| 14:51 | Build | Palisade Wall |
| 14:56 | Build | Palisade Gate |
| 15:22 | Build | Farm |
| 15:23 | Build | Farm |
| 15:23 | Build | Farm |
| 15:23 | Build | Farm |
| 15:24 | Build | Farm |
| 15:24 | Build | Farm |
| 15:46 | Build | House |
| 15:50 | Build | House |
| 15:55 | Build | Stone Wall |
| 16:16 | Build | Farm |
| 16:18 | Build | Farm |
| 16:21 | Build | Farm |
| 16:23 | Create | Villager (Male) |
| 16:23 | Create | Villager (Male) |
| 16:23 | Create | Villager (Male) |
| 16:31 | Build | House |
| 16:33 | Build | House |
| 16:53 | Create | Villager (Male) |
| 16:53 | Create | Villager (Male) |
| 17:01 | Build | House |
| 17:07 | Create | Villager (Male) |
| 17:08 | Create | Villager (Male) |
| 17:18 | Create | Villager (Male) |
| 17:18 | Create | Villager (Male) |
| 17:24 | Research | Castle Age |
| 17:29 | Build | Farm |
| 17:30 | Research | Horse Collar |
| 17:40 | Build | Barracks |
| 17:56 | Build | Mining Camp |
| 18:01 | Build | Watch Tower |
| 18:20 | Build | Farm |
| 18:20 | Build | Farm |
| 18:24 | Build | Farm |
| 18:30 | Build | Farm |
| 18:45 | Create | Villager (Male) |
| 18:45 | Create | Villager (Male) |
| 18:45 | Create | Villager (Male) |
| 18:45 | Create | Villager (Male) |
| 18:49 | Build | House |
| 18:54 | Build | Stone Wall |
| 19:05 | Build | Stone Wall |
| 19:14 | Build | Building 796 |
| 19:50 | Create | Villager (Male) |
| 19:50 | Create | Villager (Male) |
| 19:50 | Create | Villager (Male) |
| 19:51 | Create | Villager (Male) |
| 20:01 | Create | Villager (Male) |
| 20:01 | Create | Villager (Male) |
| 20:19 | Age | Castle Age |
| 20:24 | Research | Forging |
| 20:35 | Create | Villager (Male) |
| 20:35 | Create | Villager (Male) |
| 21:16 | Build | Town Center |
| 21:19 | Create | Villager (Male) |
| 21:19 | Create | Villager (Male) |
| 21:22 | Build | Farm |
| 21:29 | Create | Villager (Male) |
| 21:29 | Create | Villager (Male) |
| 21:31 | Research | Heavy Plow |
| 21:35 | Research | Gold Mining |
| 21:44 | Build | Farm |
| 21:55 | Build | House |
| 22:08 | Build | House |
| 22:50 | Create | Villager (Male) ×5 |
| 23:15 | Build | House |
| 23:18 | Build | House |
| 23:22 | Build | Farm |
| 23:45 | Build | Farm |
| 23:48 | Build | Farm |
| 23:49 | Build | Farm |
| 23:50 | Build | Farm |
| 23:50 | Build | Farm |
| 23:50 | Build | Farm |
| 23:51 | Build | Farm |
| 24:16 | Research | Scale Barding Armor |
| 24:16 | Research | Iron Casting |
| 24:36 | Create | Villager (Male) |
| 24:36 | Create | Villager (Male) |
Match timeline
| 7:58 | jobeni1016 · first_building Barracks |
| 8:08 | benji · first_building Barracks |
| 10:24 | benji · age_up feudal |
| 10:29 | benji · first_building Archery Range |
| 10:33 | benji · wall_segment Palisade Wall x1 |
| 12:53 | jobeni1016 · age_up feudal |
| 13:33 | jobeni1016 · wall_segment Palisade Wall x17 |
| 14:51 | jobeni1016 · wall_segment Palisade Wall x5 |
| 15:55 | jobeni1016 · wall_segment Stone Wall x1 |
| 17:08 | benji · wall_segment Palisade Wall x25 |
| 18:54 | jobeni1016 · wall_segment Stone Wall x9 |
| 19:05 | jobeni1016 · wall_segment Stone Wall x11 |
| 20:19 | jobeni1016 · age_up castle |
| 23:45 | benji · age_up castle |
| 24:51 | jobeni1016 · first_building Stable |
| 25:24 | benji · first_building Monastery |
| 25:38 | jobeni1016 · wall_segment Stone Wall x1 |
| 25:39 | benji · first_building Castle |
| 26:36 | jobeni1016 · first_building Archery Range |
| 27:34 | jobeni1016 · first_building Castle |
| 29:15 | jobeni1016 · first_building Siege Workshop |
| 35:04 | benji · age_up imperial |
| 41:19 | benji · first_market_sell 100 food |
| 44:55 | jobeni1016 · first_market_sell 500 food |
| 46:31 | jobeni1016 · resign |
[ AI ANALYSIS · 1 CREDIT ]
What really happened in this match?
Wolo.gg analyzes every decision: build order, eco, micro, common mistakes by bracket. Personalized analysis on WhatsApp or Discord in 30 seconds.
Civ guide
Britons
Map guide
Arabia
Perfil
Jugador #8974431